 Dungeon Crawl Stone Soup version 0.13-a0-2538-gc238810 (webtiles) character file.

263 JacquesDerrida the Poker (level 5, -1/45 HPs)
             Began as a Naga Skald on July 28, 2013.
             Killed by divine providence
             ... invoked by an orc priest
              (13 damage)
             ... on Level 3 of the Dungeon.
             The game lasted 00:06:47 (2056 turns).

JacquesDerrida the Poker (Naga Skald)               Turns: 2056, Time: 00:06:47

HP  -1/45        AC 12     Str 14      XL: 5   Next: 11%
MP  10/10        EV  7     Int 14      God:
Gold 135         SH  0     Dex 11      Spells:  2 memorised,  5 levels left

Res.Fire  : . . .   See Invis. : +   a - +0 spear {=f}
Res.Cold  : . . .   Warding    : .   b - +0 leather armour
Life Prot.: . . .   Conserve   : .   (no shield)
Res.Poison: +       Res.Corr.  : .   (no helmet)
Res.Elec. : .       Clarity    : .   (no cloak)
Sust.Abil.: . .     Spirit.Shd : .   (no gloves)
Res.Mut.  : .       Stasis     : .   h - +1 naga barding {Stlth+}
Res.Rott. : .       Flight     : .   (no amulet)
Saprovore : . . .                    w - +4 ring of protection
                                     i - +1 ring of intelligence

@: slowed, very slow, slightly resistant to hostile enchantments, fairly
stealthy
A: spit poison, see invisible, deformed body, poison resistance, slowness 2, AC
+1
a: Spit Poison


You were on level 3 of the Dungeon.
You were not hungry.

You visited 1 branch of the dungeon, and saw 3 of its levels.

You collected 115 gold pieces.

Inventory:

Hand weapons
 a - a +0,+0 spear (weapon) {=f}
Missiles
 g - 15 poisoned needles
 y - a throwing net (quivered)
Armour
 b - a +0 leather armour (worn)
 h - a +1 naga barding of stealth (worn)
 z - a +2 large shield
Comestibles
 d - 3 bread rations
 r - 2 meat rations
 v - a rotting chunk of worm flesh
 x - a chunk of adder flesh
Scrolls
 e - 3 scrolls of identify {unknown}
 f - a scroll of magic mapping {unknown}
 j - a scroll of blinking {unknown}
 m - 3 scrolls of teleportation {unknown}
 o - a scroll of random uselessness {unknown}
 p - 2 scrolls of remove curse {unknown}
 q - a scroll of curse jewellery {unknown}
 s - a scroll of amnesia {unknown}
Jewellery
 i - a +1 ring of intelligence (left hand)
 w - a +4 ring of protection (right hand)
Potions
 t - a potion of paralysis {unknown}
 u - a potion of speed {unknown}
Books
 c - a book of Battle

   Spells                             Type                      Level
   *Infusion                          Charms                       1
   Shroud of Golubria                 Charms/Translocation         2
   Song of Slaying                    Charms                       2
   *Spectral Weapon                   Hexes/Charms                 3
   Regeneration                       Charms/Necromancy            3
   Song of Shielding                  Charms                       4


   Skills:
 - Level 2.0 Fighting
 * Level 4.5 Polearms
 - Level 0.7 Armour
 - Level 0.7 Dodging
 - Level 2.6 Spellcasting
 + Level 3.2 Charms


You had 5 spell levels left.
You knew the following spells:

 Your Spells              Type           Power        Failure   Level  Hunger
a - Infusion              Chrm           ##....       10%         1    #......
b - Spectral Weapon       Hex/Chrm       #.......     38%         3    ####...


Dungeon Overview and Level Annotations

Branches:
Dungeon (3/27)

Altars:


Innate Abilities, Weirdness & Mutations

You cannot wear boots.
You can spit poison.
Your serpentine skin is tough (AC +1).
You have supernaturally acute eyesight.
Armour fits poorly on your strangely shaped body.
Your system is resistant to poisons.
You cover ground very slowly.


Message History

The orc hits you but does no damage.
The orc priest invokes the aid of Beogh against you.
Something smites you!
* * * LOW HITPOINT WARNING * * *
The adder bites you but does no damage.
Drink which item? (? for menu, Esc to quit)
You feel yourself slow down.
It was a potion of slowing.
The orc hits you but does no damage. The adder barely misses you.
The orc hits you but does no damage.
Drink which item? (? for menu, Esc to quit)
You feel better. The adder bites you but does no damage.
The orc hits you but does no damage. The orc barely misses you.
The orc hits you but does no damage. The adder bites you.
* * * LOW HITPOINT WARNING * * *
The orc hits you but does no damage.
Drink which item? (? for menu, Esc to quit)
Magic courses through your body.
It was a potion of magic.
The orc priest mumbles some strange prayers to Beogh against you.
Something smites you!
You die...

.....###### .
............ ...# .....#
...# .....#### ...###
........####### .......
.....(..>....... ......
........#########...####
...)%...........oS.......
##..............@oS......
........#########oo.###..
........# o###
.%......#### .#
............. ..
##........... ..
##..######## ... ....#
..# .....# .


You could see an orc priest, 2 adders and 4 orcs.

Vanquished Creatures
  An orc wizard (D:3)
  4 adders
  A giant mite (D:2)
  A worm (D:3)
  2 giant geckos
  3 orcs
  A ball python (D:1)
  6 bats
  A giant cockroach (D:1)
  5 hobgoblins
  6 jackals
  4 kobolds
  3 quokkas
  5 giant newts
  3 goblins
  4 rats
50 creatures vanquished.

Notes
Turn   | Place    | Note
--------------------------------------------------------------
     0 | D:1      | JacquesDerrida, the Naga Skald, began the quest for the Orb.
     0 | D:1      | Reached XP level 1. HP: 18/18 MP: 3/3
     0 | D:1      | stonewall: Нага?
     0 | D:1      | stonewall: Ок
     0 | D:1      | JacquesDerrida: Мага D:
     0 | D:1      | JacquesDerrida: В красных мокасинах
     0 | D:1      | stonewall: Умирака
     0 | D:1      | JacquesDerrida: В водяных макасинах
    24 | D:1      | JacquesDerrida: Хе-хе
    29 | D:1      | JacquesDerrida: Бывает!
   286 | D:1      | Reached XP level 2. HP: 25/25 MP: 5/5
   673 | D:1      | JacquesDerrida: 1.4
   673 | D:1      | JacquesDerrida: Ого
   673 | D:1      | JacquesDerrida: Я думал максимум 1.1!
   696 | D:2      | Reached XP level 3. HP: 28/31 MP: 6/6
   992 | D:2      | Reached XP level 4. HP: 39/39 MP: 8/8
  1148 | D:2      | Yumemi: За Нагу только под Ксомом играть интересно, как мне кажется.
  1281 | D:2      | Learned a level 3 spell: Spectral Weapon
  1455 | D:2      | JacquesDerrida: Конекшен фейлд
  1455 | D:2      | JacquesDerrida: Хе-хе
  1455 | D:2      | JacquesDerrida: (((
  1458 | D:2      | Reached skill level 4 in Polearms
  1868 | D:3      | stonewall: Кастуй инфузию фо тех вин
  1873 | D:3      | JacquesDerrida: Да, чето я и забыл
  1928 | D:3      | JacquesDerrida: )))
  1962 | D:3      | stonewall: Ну ты уже как будто в плейте
  1973 | D:3      | Reached XP level 5. HP: 19/45 MP: 6/10
  2056 | D:3      | Killed from afar by an orc priest

Action                   |  1- 3 |  4- 6 || total
-------------------------+-------+-------++-------
Melee: Spear             |    95 |   142 ||   237
 Cast: Infusion          |       |     3 ||     3
  Use: Potion            |       |     4 ||     4
 Stab: Sleeping          |     2 |     2 ||     4
